[Event "42nd Olympiad Baku 2016 Open"]
[Site "Baku"]
[Date "2016.09.03"]
[Round "2.17"]
[White "Dervishi, Erald"]
[Black "Eljanov, Pavel"]
[Result "0-1"]
[ECO "B19"]
[WhiteElo "2564"]
[BlackElo "2739"]
[Annotator ""]
[PlyCount "112"]
[EventDate "2016.??.??"]
[EventCountry "AZE"]
[SourceTitle "playchess.com"]
[Source "ChessBase"]
[WhiteTeam "Albania"]
[BlackTeam "Ukraine"]
[WhiteTeamCountry "ALB"]
[BlackTeamCountry "UKR"]
[TimeControl "40/5400+30:1800+30"]

1. e4 {(00:31)} c6 {(00:02)} 2. d4 {(00:05)} d5 {(
00:05)} 3. Nd2 {(00:05)} dxe4 {(00:05)} 4. Nxe4 {(00:04)}
Bf5 {(00:05)} 5. Ng3 {(00:05)} Bg6 {(00:04)} 6. h4 {
(00:04)} h6 {(00:04)} 7. Nf3 {(00:04)} Nd7 {(00:32]
} 8. h5 {(00:07)} Bh7 {(00:03)} 9. Bd3 {(00:05)} Bxd3 {
(00:05)} 10. Qxd3 {(00:06)} e6 {(00:11)} 11. Bf4 {(
00:37)} Qa5+ {(00:37)} 12. Bd2 {(00:08)} Bb4 {(00:04)} 13.
c3 {(00:26)} Be7 {(00:08)} 14. c4 {(00:11)} Qb6 {(
00:15)} 15. O-O-O {(05:46)} Ngf6 {(00:07)} 16. Kb1 {(01:
24)} O-O {(00:10)} 17. Ne4 {(00:15)} Rad8 {(09:42)} 18.
Bc3 {(04:22)} Qa6 {(15:24)} 19. Nxf6+ {(02:26)} Nxf6 {
(06:25)} 20. Ne5 {(00:33)} Nd7 {(11:40)} 21. Qe2 {(
10:41)} Nxe5 {(00:30)} 22. dxe5 {(00:02)} b5 {(00:16)} 23.
cxb5 {(13:05)} cxb5 {(00:06)} 24. f4 {(01:26)} Qb7 {
(09:32)} 25. g4 {(10:46)} b4 {(00:41)} 26. Bd2 {(
00:08)} Rd5 {(07:37)} 27. Bc1 {(01:10)} Rfd8 {(01:07)} 28.
Rxd5 {(00:42)} Qxd5 {(00:36)} 29. Re1 {(01:49)} a5 {
(04:05)} 30. Qc2 {(26:59)} Bh4 {(06:11)} 31. Re4 {(
05:07)} Be7 {(10:40)} 32. Rc4 {(04:52)} Bf8 {(05:36)} 33.
b3 {(01:48)} Qf3 {(02:55)} 34. f5 {(00:56)} exf5 {(
01:17)} 35. Qxf5 {(00:10)} Qd5 {(00:17)} 36. g5 {(00:59)}
hxg5 {(00:31)} 37. Bxg5 {(00:53)} Re8 {(05:49)} 38. Bf4 {
(01:19)} a4 {(00:45)} 39. Qe4 {(04:12)} Qd7 {(01:
22)} 40. bxa4 {(00:00)} Qxa4 {(00:00)} 41. Qd5 {(07:50)}
Qa7 {(03:41)} 42. Bd2 {(11:55)} Qg1+ {(02:24)} 43. Kb2 {
(01:48)} Qh2 {(02:35)} 44. h6 {(06:51)} gxh6 {(07:
32)} 45. Kc2 {(03:48)} Qh5 {(16:29)} 46. Bxb4 {(02:38)}
Bxb4 {(00:33)} 47. Rxb4 {(00:01)} Rxe5 {(00:14)} 48. Qd8+
{(02:47)} Kh7 {(00:59)} 49. Qd4 {(01:29)} Qe2+ {(
00:56)} 50. Kb1 {(00:40)} Qe1+ {(01:04)} 51. Kb2 {(00:05)}
Re2+ {(00:18)} 52. Kb3 {(00:24)} Qb1+ {(00:17)} 53. Kc4 {
(00:19)} Qxa2+ {(00:30)} 54. Kb5 {(00:01)} Qe6 {(
01:29)} 55. Qd3+ {(00:01)} f5 {(01:12)} 56. Qd4 {(02:20)}
Re5+ {(00:13)} 0-1

[Event "42nd Olympiad Baku 2016 Open"]
[Site "Baku"]
[Date "2016.09.03"]
[Round "2.6"]
[White "Dive, Russell John"]
[Black "Kazhgaleyev, Murtas"]
[Result "0-1"]
[ECO "A13"]
[WhiteElo "2309"]
[BlackElo "2594"]
[Annotator ""]
[PlyCount "114"]
[EventDate "2016.??.??"]
[EventCountry "AZE"]
[SourceTitle "playchess.com"]
[Source "ChessBase"]
[WhiteTeam "New Zealand"]
[BlackTeam "Kazakhstan"]
[WhiteTeamCountry "NZL"]
[BlackTeamCountry "KAZ"]
[TimeControl "40/5400+30:1800+30"]

1. Nf3 e6 2. c4 Nf6 3. g3 d5 4. Bg2 dxc4 5. Qa4+ Nbd7 6. Qxc4 a6 7. Qc2 {
(02:41)} c5 {(02:20)} 8. O-O {(00:26)} b6 {(00:33)}
9. a4 {(35:27)} Bb7 {(01:47)} 10. b3 {(00:58)} Be7 {
(01:19)} 11. Bb2 {(00:11)} O-O {(00:19)} 12. Na3 {(
01:06)} Nd5 {(04:55)} 13. Rac1 {(01:51)} Rc8 {(07:45)} 14.
Qb1 {(01:19)} h6 {(05:24)} 15. Rfd1 {(01:27)} Rc7 {
(02:45)} 16. Qa1 {(08:24)} N7f6 {(02:41)} 17. Ne5 {
(10:14)} Qb8 {(09:04)} 18. Nec4 {(02:32)} Qa7 {(05:
39)} 19. Be5 {(13:33)} Rd7 {(03:04)} 20. d4 {(00:08)} Rfd8
{(03:05)} 21. dxc5 {(06:36)} bxc5 {(00:15)} 22. Bb2 {
(04:30)} Nb4 {(02:36)} 23. Rxd7 {(05:57)} Rxd7 {(
00:15)} 24. Rd1 {(01:56)} Bd5 {(04:58)} 25. Qc1 {(02:26)}
Qb7 {(04:29)} 26. f3 {(00:07)} Nc6 {(01:15)} 27. Qc2 {
(01:08)} Nd4 {(01:31)} 28. Bxd4 {(00:24)} cxd4 {(
00:05)} 29. Nb1 {(00:37)} Bc5 {(03:10)} 30. Qd3 {(00:28)}
Bb4 {(04:28)} 31. Nbd2 {(00:30)} Bc3 {(00:13)} 32. Bf1 {
(00:31)} Qb4 {(01:07)} 33. Qc2 {(00:29)} Rc7 {(00:
41)} 34. Kf2 {(00:28)} Nd7 {(00:40)} 35. e4 {(00:19)}
dxe3+ {(03:18)} 36. Nxe3 {(00:42)} Nc5 {(14:12)} 37. Bc4 {
(00:33)} Bd4 {(01:59)} 38. Ndf1 {(00:30)} Nxb3 {(
01:28)} 39. Qxb3 {(00:29)} Rxc4 {(00:23)} 40. Qxb4 {(00:
00)} Rxb4 {(00:00)} 41. a5 {(03:56)} Ra4 {(03:31)} 42. Rd2
{(02:39)} e5 {(06:50)} 43. Kg2 {(01:35)} Be6 {(02:
01)} 44. f4 {(12:54)} Rxa5 {(01:20)} 45. fxe5 {(00:23)}
Bxe5 {(00:13)} 46. Kf3 {(00:20)} g6 {(02:38)} 47. Rc2 {
(01:11)} Ra3 {(01:31)} 48. Ke4 {(00:40)} Bf6 {(00:
10)} 49. Nd2 {(00:37)} Bg5 {(01:31)} 50. Ndc4 {(00:15)}
Ra4 {(01:35)} 51. Ke5 {(00:39)} Kg7 {(00:29)} 52. Kd6 {
(03:11)} Ra1 {(04:09)} 53. Kc6 {(03:26)} a5 {(01:
57)} 54. Nd5 {(03:09)} a4 {(01:13)} 55. Nc7 {(00:26)} Bxc4
{(01:05)} 56. Rxc4 {(00:08)} Rc1 {(00:28)} 57. Kb5 {
(03:18)} a3 {(00:09)} 0-1

[Event "42nd Olympiad Baku 2016 Open"]
[Site "Baku"]
[Date "2016.09.03"]
[Round "2.12"]
[White "Dragnev, Valentin"]
[Black "Gledura, Benjamin"]
[Result "0-1"]
[ECO "C95"]
[WhiteElo "2430"]
[BlackElo "2585"]
[Annotator ""]
[PlyCount "100"]
[EventDate "2016.??.??"]
[EventCountry "AZE"]
[SourceTitle "playchess.com"]
[Source "ChessBase"]
[WhiteTeam "Austria"]
[BlackTeam "Hungary"]
[WhiteTeamCountry "AUT"]
[BlackTeamCountry "HUN"]
[TimeControl "40/5400+30:1800+30"]

1. e4 {(00:00)} e5 {(00:00)} 2. Nf3 {(00:00)} Nc6 {
(00:00)} 3. Bb5 {(00:00)} a6 {(00:03)} 4. Ba4 {(00:
07)} Nf6 {(00:09)} 5. O-O {(00:07)} Be7 {(00:23)} 6. Re1 {
(00:07)} b5 {(00:28)} 7. Bb3 {(00:03)} O-O {(00:15]
} 8. c3 {(00:09)} d6 {(00:52)} 9. h3 {(00:09)} Nb8 {
(03:01)} 10. d4 {(00:55)} Nbd7 {(00:09)} 11. Nbd2 {
(00:28)} Bb7 {(01:17)} 12. Bc2 {(00:55)} Re8 {(00:
52)} 13. Nf1 {(00:36)} Bf8 {(00:08)} 14. Ng3 {(00:05)} g6
{(00:04)} 15. Bg5 {(00:33)} Bg7 {(02:51)} 16. Qd2 {
(01:27)} Qe7 {(00:56)} 17. b3 {(08:48)} c6 {(08:10]
} 18. a4 {(06:17)} Qf8 {(06:00)} 19. Bd3 {(24:37)} Rac8 {
(18:30)} 20. Be3 {(17:19)} h5 {(05:58)} 21. c4 {(
07:11)} exd4 {(12:41)} 22. Bxd4 {(00:24)} c5 {(04:36)} 23.
Bb2 {(02:24)} b4 {(04:56)} 24. Rad1 {(05:53)} Ne5 {
(01:28)} 25. Qf4 {(02:25)} Nfd7 {(05:45)} 26. Bc1 {
(07:24)} Nxf3+ {(02:31)} 27. gxf3 {(00:37)} Re6 {(
01:17)} 28. Kh1 {(05:34)} Ne5 {(01:44)} 29. Qe3 {(01:29)}
Rce8 {(01:16)} 30. Ne2 {(01:41)} Nxf3 {(05:19)} 31. Nf4 {
(05:50)} Nxe1 {(01:41)} 32. Nxe6 {(00:08)} Rxe6 {(
00:06)} 33. Rxe1 {(00:07)} Bd4 {(01:32)} 34. Qg3 {(01:33)}
f5 {(03:27)} 35. f3 {(00:18)} fxe4 {(03:11)} 36. Bxe4 {
(00:14)} Bc3 {(03:33)} 37. Rg1 {(01:35)} Bxe4 {(00:
43)} 38. fxe4 {(00:01)} Qa8 {(00:45)} 39. Qf3 {(01:22)}
Qxe4 {(01:32)} 40. Qxe4 {(00:00)} Rxe4 {(00:00)} 41. Rxg6+
{(01:12)} Kf7 {(00:38)} 42. Rg1 {(00:05)} Re2 {(03:
50)} 43. Bf4 {(08:10)} Be5 {(01:25)} 44. Bxe5 {(00:20)}
Rxe5 {(04:16)} 45. Rg3 {(03:38)} Re2 {(00:15)} 46. Rd3 {
(00:22)} Ke6 {(00:14)} 47. Kg1 {(00:03)} Rc2 {(00:
30)} 48. Kf1 {(00:05)} Rc3 {(00:41)} 49. Rxc3 {(00:49)}
bxc3 {(00:06)} 50. Ke2 {(00:02)} a5 {(01:00)} 0-1

[Event "42nd Olympiad Baku 2016 Open"]
[Site "Baku"]
[Date "2016.09.03"]
[Round "2.3"]
[White "Efimov, Igor"]
[Black "Palencia Morales, Wilson Guillermo"]
[Result "1-0"]
[ECO "B07"]
[WhiteElo "2374"]
[BlackElo "2378"]
[Annotator ""]
[PlyCount "81"]
[EventDate "2016.??.??"]
[EventCountry "AZE"]
[SourceTitle "playchess.com"]
[Source "ChessBase"]
[WhiteTeam "Monaco"]
[BlackTeam "Venezuela"]
[WhiteTeamCountry "MNC"]
[BlackTeamCountry "VEN"]
[TimeControl "40/5400+30:1800+30"]

1. d4 {(00:00)} d6 {(00:00)} 2. e4 {(00:00)} Nf6 {(
00:00)} 3. Nc3 {(00:29)} g6 {(00:22)} 4. Bg5 {(00:48)}
Nbd7 {(03:54)} 5. f4 {(04:49)} Nb6 {(07:12)} 6. Qd2 {
(30:48)} d5 {(03:45)} 7. e5 {(01:56)} Nh5 {(04:11)}
8. O-O-O {(04:37)} h6 {(01:01)} 9. Bh4 {(00:10)} Nxf4 {
(00:47)} 10. Qxf4 {(00:15)} g5 {(00:05)} 11. Qf2 {(
04:46)} gxh4 {(00:53)} 12. Nge2 {(03:59)} h5 {(17:20)} 13.
Nf4 {(07:01)} Bh6 {(01:40)} 14. Kb1 {(00:49)} Bxf4 {
(10:46)} 15. Qxf4 {(00:13)} Bg4 {(00:18)} 16. Be2 {
(07:57)} Bxe2 {(09:12)} 17. Nxe2 {(00:02)} e6 {(00:
16)} 18. Rhf1 {(10:06)} Qe7 {(01:03)} 19. Qf3 {(00:41)}
Rh7 {(08:29)} 20. Nf4 {(02:45)} O-O-O {(13:01)} 21. Nxh5 {
(00:23)} Qg5 {(01:31)} 22. Nf4 {(00:34)} Rg7 {(01:
03)} 23. Rf2 {(01:41)} a6 {(04:41)} 24. Rd3 {(01:09)} Qg4
{(01:40)} 25. Nh5 {(04:02)} Qxf3 {(00:14)} 26. Rdxf3 {
(00:02)} Rg5 {(00:26)} 27. Nf6 {(00:27)} Rh8 {(01:
59)} 28. h3 {(02:34)} Rg7 {(00:54)} 29. Ng4 {(00:08)} Rhh7
{(00:40)} 30. Rf4 {(00:43)} Nd7 {(01:30)} 31. Nh2 {
(01:02)} Nf8 {(04:55)} 32. Nf3 {(00:19)} Ng6 {(00:
18)} 33. Rg4 {(00:01)} Rh5 {(00:20)} 34. Kc1 {(03:07)} Kd7
{(00:40)} 35. Kd2 {(00:08)} b6 {(00:26)} 36. Ke3 {(
00:31)} Ke7 {(00:13)} 37. Ne1 {(00:56)} Kf8 {(00:31)} 38.
Nd3 {(01:09)} Ne7 {(00:45)} 39. Nf4 {(00:18)} Nf5+ {
(00:07)} 40. Kd3 {(00:00)} Rxg4 {(00:00)} 41. hxg4 {
(00:09)} 1-0

[Event "42nd Olympiad Baku 2016 Open"]
[Site "Baku"]
[Date "2016.09.03"]
[Round "2.27"]
[White "El Debs, Felipe de Cresce"]
[Black "Belouadah, Saad"]
[Result "1-0"]
[ECO "B01"]
[WhiteElo "2523"]
[BlackElo "2340"]
[Annotator ""]
[PlyCount "81"]
[EventDate "2016.??.??"]
[EventCountry "AZE"]
[SourceTitle "playchess.com"]
[Source "ChessBase"]
[WhiteTeam "Brazil"]
[BlackTeam "Algeria"]
[WhiteTeamCountry "BRA"]
[BlackTeamCountry "ALG"]
[TimeControl "40/5400+30:1800+30"]

1. e4 {(00:00)} d5 {(00:00)} 2. exd5 {(00:00)} Qxd5 {
(00:13)} 3. Nc3 {(00:02)} Qd6 {(00:23)} 4. d4 {(00:
14)} a6 {(00:09)} 5. Nf3 {(01:00)} Nf6 {(00:24)} 6. Ne5 {
(04:33)} e6 {(02:53)} 7. Bf4 {(03:03)} Qd8 {(06:11]
} 8. Bd3 {(05:32)} Nbd7 {(01:33)} 9. Qf3 {(05:19)} Nb6 {
(00:37)} 10. Bg5 {(05:00)} Be7 {(03:47)} 11. O-O-O {
(02:41)} Nbd5 {(07:58)} 12. Ne4 {(03:43)} Bd7 {(08:
29)} 13. Kb1 {(07:56)} Bc6 {(04:46)} 14. c4 {(19:41)} Nb4
{(05:16)} 15. a3 {(00:34)} Nxd3 {(01:20)} 16. Nxc6 {
(00:39)} bxc6 {(02:03)} 17. Nxf6+ {(01:05)} Bxf6 {(
03:29)} 18. Qxc6+ {(01:16)} Ke7 {(01:37)} 19. Bxf6+ {(00:
13)} gxf6 {(00:08)} 20. Rxd3 {(00:08)} a5 {(00:35)} 21.
Re1 {(02:08)} Qd6 {(05:43)} 22. Qf3 {(01:38)} Rhd8 {
(01:16)} 23. d5 {(00:47)} Rab8 {(01:21)} 24. Rde3 {
(02:29)} e5 {(08:26)} 25. Qf5 {(03:48)} Rb6 {(03:
50)} 26. f4 {(05:00)} Rdb8 {(00:11)} 27. R1e2 {(00:36)} a4
{(03:21)} 28. fxe5 {(03:36)} Rxb2+ {(02:57)} 29. Rxb2 {
(00:07)} Rxb2+ {(00:05)} 30. Ka1 {(00:59)} fxe5 {(
11:30)} 31. Qxe5+ {(03:08)} Qxe5 {(00:07)} 32. Rxe5+ {(00:
05)} Kd6 {(00:05)} 33. Kxb2 {(00:05)} Kxe5 {(00:06)} 34.
Kc3 {(00:04)} Ke4 {(05:53)} 35. g4 {(01:01)} h6 {(
00:14)} 36. h3 {(00:42)} f6 {(00:11)} 37. h4 {(00:26)} f5
{(09:06)} 38. gxf5 {(00:18)} Kxf5 {(00:02)} 39. Kd4 {
(00:24)} Kf6 {(01:01)} 40. c5 {(00:00)} Kf5 {(00:
00)} 41. c6 {(01:20] Ke4+ Kxe4} 1-0

[Event "42nd Olympiad Baku 2016 Open"]
[Site "Baku"]
[Date "2016.09.03"]
[Round "2.32"]
[White "Fernandez, Fernando"]
[Black "Pazos Gambarrotti, Plinio"]
[Result "1-0"]
[ECO "A30"]
[WhiteElo "2410"]
[BlackElo "2239"]
[Annotator ""]
[PlyCount "69"]
[EventDate "2016.??.??"]
[EventCountry "AZE"]
[SourceTitle "playchess.com"]
[Source "ChessBase"]
[WhiteTeam "Peru"]
[BlackTeam "Ecuador"]
[WhiteTeamCountry "PER"]
[BlackTeamCountry "ECU"]
[TimeControl "40/5400+30:1800+30"]

1. Nf3 {(00:00)} Nf6 {(00:12)} 2. c4 {(00:00)} c5 {
(00:44)} 3. Nc3 {(00:28)} e6 {(00:34)} 4. g3 {(00:
22)} b6 {(00:12)} 5. Bg2 {(00:11)} Bb7 {(00:06)} 6. O-O {
(00:06)} Be7 {(00:14)} 7. Re1 {(00:20)} O-O {(00:
22)} 8. e4 {(00:10)} d6 {(00:17)} 9. d4 {(00:15)} cxd4 {
(00:53)} 10. Nxd4 {(00:05)} Qc7 {(01:36)} 11. Be3 {
(00:47)} a6 {(00:23)} 12. Rc1 {(00:08)} Nbd7 {(00:
13)} 13. f4 {(00:33)} Rac8 {(01:23)} 14. b3 {(09:10)} Qb8
{(02:27)} 15. g4 {(14:12)} Qa8 {(14:22)} 16. Bf2 {(
03:24)} g6 {(07:39)} 17. Bf3 {(27:13)} Rfd8 {(25:43)} 18.
g5 {(11:15)} Ne8 {(00:36)} 19. h4 {(03:33)} Ng7 {(
04:21)} 20. h5 {(18:08)} e5 {(01:28)} 21. Nd5 {(00:40)}
Re8 {(02:24)} 22. Bg4 {(03:09)} Rcd8 {(09:09)} 23. Nc7 {
(02:19)} Qc8 {(01:15)} 24. Nxe8 {(00:05)} Rxe8 {(
00:18)} 25. h6 {(00:19)} Nh5 {(16:33)} 26. fxe5 {(00:05)}
Bxg5 {(01:47)} 27. Rc3 {(00:02)} dxe5 {(00:47)} 28. Nf3 {
(00:24)} f5 {(02:37)} 29. Bxh5 {(02:06)} Bxh6 {(00:
36)} 30. Nh4 {(00:14)} gxh5 {(01:47)} 31. Rg3+ {(00:17)}
Kh8 {(00:26)} 32. Qxh5 {(00:17)} Re6 {(01:47)} 33. exf5 {
(00:39)} Qc6 {(00:42)} 34. Ng6+ {(00:15)} Rxg6 {(
01:10)} 35. fxg6 {(00:04)} 1-0

[Event "42nd Olympiad Baku 2016 Open"]
[Site "Baku"]
[Date "2016.09.03"]
[Round "2.25"]
[White "Fier, Alexandr"]
[Black "Arab, Adlane"]
[Result "1/2-1/2"]
[ECO "D37"]
[WhiteElo "2634"]
[BlackElo "2493"]
[Annotator ""]
[PlyCount "118"]
[EventDate "2016.??.??"]
[EventCountry "AZE"]
[SourceTitle "playchess.com"]
[Source "ChessBase"]
[WhiteTeam "Brazil"]
[BlackTeam "Algeria"]
[WhiteTeamCountry "BRA"]
[BlackTeamCountry "ALG"]
[TimeControl "40/5400+30:1800+30"]

1. d4 {(00:00)} Nf6 {(00:00)} 2. c4 {(00:00)} e6 {(
00:00)} 3. Nf3 {(00:00)} d5 {(00:10)} 4. Nc3 {(00:00)} Be7
{(00:18)} 5. Bf4 {(00:00)} O-O {(00:46)} 6. e3 {(
00:00)} b6 {(00:49)} 7. Bd3 {(01:46)} Ba6 {(01:22)} 8.
cxd5 {(02:11)} Nxd5 {(02:28)} 9. Nxd5 {(02:07)} Qxd5 {
(00:06)} 10. Bxc7 {(04:04)} Qa5+ {(00:40)} 11. Ke2 {
(05:20)} Bxd3+ {(02:51)} 12. Qxd3 {(04:18)} Na6 {(
02:19)} 13. Bg3 {(04:52)} Nb4 {(03:12)} 14. Qb3 {(00:25)}
Qa6+ {(07:00)} 15. Kd2 {(00:25)} Rac8 {(00:14)} 16. Rhc1 {
(02:54)} Nc2 {(00:50)} 17. Qd3 {(08:53)} Qxd3+ {(
03:55)} 18. Kxd3 {(00:06)} Nxa1 {(00:03)} 19. Rxa1 {(00:
03)} Rfd8 {(00:09)} 20. Nd2 {(04:41)} Rc6 {(02:25)} 21.
Ne4 {(03:00)} h5 {(04:32)} 22. f4 {(00:27)} b5 {(
04:18)} 23. a3 {(01:22)} Rdc8 {(02:36)} 24. Nc3 {(00:07)}
a6 {(00:14)} 25. Be1 {(00:19)} f6 {(04:35)} 26. Bd2 {
(02:08)} Kf7 {(02:27)} 27. Rf1 {(00:21)} f5 {(01:
08)} 28. Ne2 {(08:44)} Rc4 {(03:51)} 29. Ra1 {(01:22)} g5
{(10:39)} 30. fxg5 {(07:17)} Bxg5 {(00:07)} 31. Rf1 {
(00:11)} Kg6 {(01:17)} 32. Bc3 {(00:27)} Rd8 {(03:
16)} 33. e4 Rf8 {(13:17)} 34. e5 {(12:18)} Rd8 {(01:10)}
35. Bb4 {(03:09)} Rdc8 {(02:58)} 36. Nc3 {(05:18)} Bd8 {
(03:03)} 37. b3 {(01:56)} R4c7 {(05:43)} 38. d5 {(
01:03)} Rd7 {(01:02)} 39. Bd6 {(00:06)} Bf6 {(03:07)} 40.
dxe6 {(00:00)} Rxd6+ 41. exd6 {(05:46)} Rxc3+ {(01:28)}
42. Ke2 {(00:02)} Rc2+ {(01:18)} 43. Kf3 {(01:27)} Rc3+ {
(06:16)} 44. Kf4 {(05:58)} Rd3 {(00:45)} 45. e7 {(
02:20)} Rd4+ {(01:16)} 46. Kf3 {(00:04)} Re4 {(02:06)} 47.
Rc1 {(00:45)} h4 {(04:19)} 48. g4 {(09:44)} hxg3 {(
01:31)} 49. hxg3 {(00:03)} Kf7 {(02:37)} 50. Rc6 {(01:46)}
Re6 {(00:54)} 51. Rc8 {(01:21)} Bxe7 {(00:13)} 52. dxe7 {
(00:03)} Kxe7 {(00:20)} 53. Ra8 {(02:14)} Kf6 {(00:
18)} 54. a4 {(00:05)} bxa4 {(00:03)} 55. bxa4 {(00:03)}
Rc6 {(00:38)} 56. a5 {(00:03)} Ke5 {(00:21)} 57. Re8+ {
(00:53)} Re6 {(00:17)} 58. Rb8 {(01:19)} Rc6 {(00:
15)} 59. Re8+ {(00:17)} Re6 {(00:06] Ke4+} 1/2-1/2

[Event "42nd Olympiad Baku 2016 Open"]
[Site "Baku"]
[Date "2016.09.03"]
[Round "2.23"]
[White "Filippov, Anton"]
[Black "Dominguez, Jose Manuel"]
[Result "1-0"]
[ECO "B00"]
[WhiteElo "2582"]
[BlackElo "2273"]
[Annotator ""]
[PlyCount "55"]
[EventDate "2016.??.??"]
[EventCountry "AZE"]
[SourceTitle "playchess.com"]
[Source "ChessBase"]
[WhiteTeam "Uzbekistan"]
[BlackTeam "Dominican Republic"]
[WhiteTeamCountry "UZB"]
[BlackTeamCountry "DOM"]
[TimeControl "40/5400+30:1800+30"]

1. e4 {(00:00)} Nc6 {(00:00)} 2. Nf3 {(00:00)} d5 {
(00:00)} 3. exd5 {(00:02)} Qxd5 {(00:03)} 4. Nc3 {(
00:11)} Qa5 {(03:54)} 5. Bb5 {(10:09)} Bd7 {(00:05)} 6.
O-O {(12:20)} e6 {(19:13)} 7. a3 {(04:06)} a6 {(08:
27)} 8. Be2 {(07:34)} Nf6 {(12:05)} 9. d4 {(00:40)} Bd6 {
(00:49)} 10. Bg5 {(08:01)} Qf5 {(21:30)} 11. h3 {(
00:29)} h6 {(09:02)} 12. Bd3 {(10:28)} Qa5 {(00:07)} 13.
b4 {(00:09)} Qb6 {(00:02)} 14. Be3 {(00:14)} Nd5 {(
13:13)} 15. Nxd5 {(00:07)} exd5 {(00:03)} 16. c4 {(00:07)}
Qa7 {(03:28)} 17. Re1 {(00:05)} O-O {(03:28)} 18. Qd2 {
(00:41)} f5 {(02:44)} 19. cxd5 {(02:18)} Ne7 {(00:
30)} 20. Ne5 {(06:53)} Bb5 {(00:14)} 21. Bc2 {(01:59)} Rf6
{(00:38)} 22. f4 {(03:21)} Kh8 {(00:22)} 23. Bb3 {(
00:39)} Raf8 {(00:46)} 24. Bf2 {(00:09)} Ng6 {(00:28)} 25.
Bd1 {(04:55)} Be8 {(00:44)} 26. Bh5 {(00:06)} Ne7 {
(00:34)} 27. Bxe8 {(08:58)} Rxe8 {(00:02)} 28. Bh4 {
(00:12)} 1-0

[Event "42nd Olympiad Baku 2016 Open"]
[Site "Baku"]
[Date "2016.09.03"]
[Round "2.24"]
[White "Firouzja, Alireza"]
[Black "Gelashvili, Tamaz"]
[Result "1/2-1/2"]
[ECO "C00"]
[WhiteElo "2463"]
[BlackElo "2575"]
[Annotator ""]
[PlyCount "135"]
[EventDate "2016.??.??"]
[EventCountry "AZE"]
[SourceTitle "playchess.com"]
[Source "ChessBase"]
[WhiteTeam "Iran"]
[BlackTeam "Georgia"]
[WhiteTeamCountry "IRI"]
[BlackTeamCountry "GEO"]
[TimeControl "40/5400+30:1800+30"]

1. e4 {(00:00)} e6 {(00:00)} 2. d4 {(00:16)} b6 {(
00:16)} 3. Bd3 {(02:24)} Bb7 {(00:05)} 4. Qe2 {(01:21)} d5
{(02:19)} 5. exd5 {(07:35)} Qxd5 {(00:23)} 6. Nf3 {
(00:20)} Nf6 {(00:20)} 7. O-O {(04:55)} Bd6 {(06:
12)} 8. h3 {(08:02)} Nc6 {(03:28)} 9. c3 {(04:09)} O-O-O {
(06:23)} 10. Nbd2 {(16:51)} Kb8 {(12:30)} 11. a4 {(
12:00)} Qh5 {(06:17)} 12. Nc4 {(04:40)} Rhe8 {(01:53)} 13.
Ng5 {(09:13)} Qxe2 {(01:42)} 14. Bxe2 {(00:03)} Re7 {
(01:08)} 15. a5 {(04:11)} e5 {(09:46)} 16. axb6 {(
02:19)} axb6 {(00:32)} 17. dxe5 {(07:24)} Nxe5 {(02:29)}
18. Nxd6 {(00:53)} Rxd6 {(00:09)} 19. Bf4 {(02:28)} h6 {
(01:16)} 20. Nf3 {(00:05)} Bxf3 {(01:48)} 21. gxf3 {
(00:43)} g5 {(01:06)} 22. Bg3 {(03:14)} Nh5 {(11:
42)} 23. Rfd1 {(01:01)} f5 {(01:49)} 24. Bxe5 {(02:18)}
Rxe5 {(00:16)} 25. Rxd6 {(00:09)} cxd6 {(00:05)} 26. Bf1 {
(00:11)} Nf4 {(00:16)} 27. Kh2 {(01:24)} Rd5 {(02:
42)} 28. Kg3 {(01:51)} Ng6 {(02:42)} 29. f4 {(01:49)} Nxf4
{(05:21)} 30. Re1 {(00:26)} Rd2 {(00:30)} 31. b4 {(
02:03)} Rc2 {(01:05)} 32. c4 {(00:23)} Rc3+ {(02:47)} 33.
Kh2 {(00:38)} Rf3 {(02:55)} 34. Rd1 {(00:25)} Kc7 {
(02:24)} 35. Rd2 {(00:03)} Rb3 {(00:52)} 36. b5 {(
00:38)} Ra3 {(00:09)} 37. Bg2 {(00:27)} Rc3 {(08:24)} 38.
Ra2 {(00:41)} Nxg2 {(01:51)} 39. Kxg2 {(00:06)} Rxc4 {
(00:11)} 40. Ra7+ {(00:00)} Kc8 {(00:00)} 41. Ra8+ {
(07:17)} Kd7 {(01:05)} 42. Ra6 {(01:49)} Rc5 {(02:
33)} 43. Rxb6 {(00:03)} Kc7 {(00:05)} 44. Ra6 {(00:04)}
Rxb5 {(00:04)} 45. Ra7+ {(00:08)} Rb7 {(00:22)} 46. Ra5 {
(00:03)} Kd7 {(01:53)} 47. Rxf5 {(00:16)} Ke6 {(00:
05)} 48. Ra5 {(05:43)} Rb4 {(00:38)} 49. Kg3 {(03:19)} Rh4
{(00:27)} 50. f3 {(03:30)} Rf4 {(00:39)} 51. Ra8 {(
01:06)} Rf6 {(01:25)} 52. Ra4 {(02:07)} d5 {(02:29)} 53.
h4 {(00:39)} gxh4+ {(06:02)} 54. Rxh4 {(00:14)} Kd6 {
(00:08)} 55. Kf2 {(04:12)} Re6 {(00:04)} 56. f4 {(
01:18)} Kc5 {(03:14)} 57. f5 {(00:19)} Rf6 {(10:29)} 58.
Ke3 {(00:20)} Ra6 {(03:12)} 59. Kd3 {(00:55)} Ra3+ {
(00:23)} 60. Kd2 {(00:08)} Rf3 {(00:26)} 61. Rxh6 {
(00:18)} Kc4 {(00:10)} 62. Rc6+ {(01:48)} Kd4 {(00:
15)} 63. f6 {(00:19)} Rf5 {(00:14)} 64. Ke2 {(00:56)} Ke5
{(02:15)} 65. Kd3 {(00:19)} Rf3+ {(00:25)} 66. Ke2 {
(00:23)} Rxf6 {(00:11)} 67. Rxf6 {(00:05)} Kxf6 {(
00:03)} 68. Kd3 {(00:10)} 1/2-1/2